 Dungeon Crawl Stone Soup version 0.29-a0-271-gd4eb659eea (webtiles) character file.

Game seed: 8535882054061227661

119555 enile the Warrior (level 16, -3/154 HPs)
             Began as a Merfolk Ice Elementalist on Mar 8, 2022.
             Was an Elder of Ashenzari.
             Slain by a merfolk aquamancer
             ... wielding a +4 rapier of venom
              (4 damage)
             ... while petrified by a catoblepas
             ... on level 3 of the Shoals.
             The game lasted 01:46:10 (38778 turns).

enile the Warrior (Merfolk Ice Elementalist)       Turns: 38778, Time: 01:46:11

Health: -3/154     AC: 13    Str: 14    XL:     16   Next: 79%
Magic:  44/44      EV:  2    Int: 25    God:    Ashenzari [****..]
Gold:   1311       SH:  0    Dex: 17    Spells: 8/46 levels left

rFire   . . .      SeeInvis +   a - +1 demon trident "Shackled Jealousy" {elec, Fort, Self} (curse)
rCold   + . .      Faith    .   z - +3 buckler {reflect}
rNeg    + + +      Spirit   .   Q - +2 leather armour "Repose of Ashenzari" {rPois, Cun, Self} (curse)
rPois   ∞          Reflect  +   u - +2 hat "At What Cost Knowledge?" {Int+3, Fort, Melee} (curse)
rElec   .          Harm     .   m - +1 cloak of Desmomancy {rCorr, Self, Range} (curse)
rCorr   +          Rampage  .   N - +1 pair of gloves of Absolutism {rC+ Str+4}
Will    +....      Clarity  +   (boots currently unavailable)
Stlth   ++++++....              y - amulet "Thunder Perfect Mind" {Regen+, Evo, Self} (curse)
HPRegen 1.15/turn               c - ring of the Profound Mistrust {Wiz, Bglg, Elem} (curse)
MPRegen 0.29/turn               j - ring of magical power

@: petrified, very quick
A: nimble swimmer 2, mertail, horns 1, iridescent scales 1, thin skeletal
structure 1, clever 1
a: Renounce Religion, Curse Item, Shatter the Chains


You were on level 3 of the Shoals.
You worshipped Ashenzari.
Ashenzari was greatly pleased with you.
You visited 5 branches of the dungeon, and saw 26 of its levels.

You collected 2365 gold pieces.
You spent 1054 gold pieces at shops.

Inventory:

Hand Weapons
 a - the cursed +1 demon trident "Shackled Jealousy" (weapon) {elec, Fort, Self}
   (You acquired it on level 12 of the Dungeon)

   It occasionally discharges a powerful burst of electricity upon striking a
   foe.
   It has a curse which improves the following skills: Fortitude: Armour and
   Shields.
   Introspection: Fighting and Spellcasting.
Missiles
 B - 2 curare-tipped darts
Armour
 d - a +2 robe of willpower
 i - a +1 scale mail of cold resistance
 m - the cursed +1 cloak of Desmomancy (worn) {rCorr, Self, Range}
   (You found it on level 2 of the Dungeon)

   It has a curse which improves the following skills: Introspection: Fighting
   and Spellcasting.
   Ranged Combat: Slings, Bows, Crossbows and Throwing.
 u - the cursed +2 hat "At What Cost Knowledge?" (worn) {Int+3, Fort, Melee}
   (You took it off Gastronok on level 3 of the Lair of Beasts)

   It has a curse which improves the following skills: Fortitude: Armour and
   Shields.
   Melee Combat: Short Blades, Long Blades, Axes, Maces & Flails, Polearms,
   Staves and Unarmed Combat.
 z - a +3 buckler of reflection (worn)
 J - a +2 robe of resistance
 N - the +1 pair of gloves of Absolutism (worn) {rC+ Str+4}
   (You bought it in a shop on level 2 of the Orcish Mines)

   Str:       It affects your strength (+4).
   rC:        It protects you from cold.
 O - a +0 buckler
 Q - the cursed +2 leather armour "Repose of Ashenzari" (worn) {rPois, Cun, Self}
   (You found it on level 10 of the Dungeon)

   It has a curse which improves the following skills: Cunning: Dodging and
   Stealth.
   Introspection: Fighting and Spellcasting.
Jewellery
 c - the cursed ring of the Profound Mistrust (left hand) {Wiz, Bglg, Elem}
   (You found it on level 1 of the Dungeon)

   [ring of wizardry]

   It improves your spell success rate.
   It has a curse which improves the following skills: Beguiling: Conjurations,
   Hexes and Translocations.
   Elements:  Fire Magic, Ice Magic, Air Magic and Earth Magic.
 e - the ring "Zilog" {rCorr Slay+3}
   (You found it on level 3 of the Dungeon)

   [ring of resist corrosion]

   Slay:      It affects your accuracy & damage with ranged weapons and melee
   (+3).
   rCorr:     It protects you from acid and corrosion.
 j - a ring of magical power (right hand)
 l - a ring of wizardry
 y - the cursed amulet "Thunder Perfect Mind" (around neck) {Regen+, Evo, Self}
   (You found it on level 5 of the Dungeon)

   [amulet of regeneration]

   Regen:     It increases your rate of health regeneration.
   It has a curse which improves the following skills: Evocations: Evocations.
   Introspection: Fighting and Spellcasting.
 E - an amulet of reflection
 F - a ring of protection from cold
 H - an amulet of magic regeneration
 I - a +6 ring of intelligence
Wands
 f - a wand of iceblast (5)
 g - a wand of mindburst (9)
 k - a wand of digging (9)
 s - a wand of polymorph (14)
 x - a wand of charming (4)
 U - a wand of flame (37)
 V - a wand of paralysis (6) (quivered)
Scrolls
 b - 3 scrolls of amnesia
 h - 9 scrolls of identify
 n - 3 scrolls of immolation
 o - a scroll of blinking
 r - 3 scrolls of teleportation
 t - 4 scrolls of fog
 v - 7 scrolls of noise
 K - a scroll of holy word
 R - 4 scrolls of magic mapping
 W - a scroll of silence
 Y - a scroll of enchant weapon
Potions
 p - 13 potions of curing
 q - 3 potions of cancellation
 w - 2 potions of mutation
 A - a potion of berserk rage
 C - 5 potions of haste
 G - 2 potions of ambrosia
 L - 3 potions of degeneration
 M - 2 potions of brilliance
 P - 3 potions of might
 S - 2 potions of heal wounds
 T - a potion of flight
 X - 2 potions of resistance
 Z - 3 potions of magic
Miscellaneous
 D - a box of beasts (inert)


   Skills:
 + Level 17.7(22.2) Fighting
 - Level 12.1(14.0) Polearms
 - Level 13.1(15.0) Dodging
 - Level 7.3(9.3) Stealth
 - Level 6.0(9.0) Shields
 - Level 10.8(15.5) Spellcasting
 - Level 4.1(6.0) Conjurations
 - Level 3.5(5.3) Hexes
 - Level 1.0(2.2) Fire Magic
 - Level 8.5(10.5) Ice Magic
 - Level 8.0(10.0) Air Magic
 - Level 9.4(11.3) Evocations


You had 8 spell levels left.
You knew the following spells:

 Your Spells              Type           Power      Damage    Failure   Level
a - Freeze                Ice            100%       1d11      1%          1
b - Frozen Ramparts       Ice            100%       1d12      1%          3
c - Ozocubu's Armour      Ice            64%        N/A       1%          3
d - Mephitic Cloud        Conj/Pois/Air  46%        N/A       1%          3
e - Hailstorm             Conj/Ice       57%        3d12      1%          4
f - Airstrike             Air            31%        N/A       1%          4
g - Metabolic Englaciati  Hex/Ice        28%        N/A       1%          5
h - Simulacrum            Ice/Necr       22%        N/A       30%         6
i - Inner Flame           Hex/Fire       38%        N/A       1%          3
j - Conjure Ball Lightni  Conj/Air       28%        3x3d8     11%         6

Your spell library contained the following spells:

 Spells                   Type           Power      Damage    Failure   Level
 Animate Skeleton         Necr           38%        N/A       1%          1
 Apportation              Tloc           40%        N/A       1%          1
 Foxfire                  Conj/Fire      100%       2x1d9     1%          1
 Magic Dart               Conj           100%       1d8       1%          1
 Pain                     Necr           76%        1d7       1%          1
 Shock                    Conj/Air       100%       1d9       1%          1
 Summon Small Mammal      Summ           76%        N/A       1%          1
 Conjure Flame            Conj/Fire      39%        6-21      1%          3
 Dazzling Flash           Conj/Hex       94%        N/A       1%          3
 Summon Guardian Golem    Hex/Summ       32%        N/A       1%          3
 Swiftness                Air            62%        N/A       1%          3
 Cause Fear               Hex            22%        N/A       1%          4
 Lightning Bolt           Conj/Air       28%        1d44      1%          5
 Call Imp                 Summ           19%        N/A       2%          2
 Sublimation of Blood     Necr           19%        N/A       2%          2
 Wereblood                Tmut           19%        N/A       2%          2
 Summon Lightning Spire   Summ/Air       44%        N/A       2%          4
 Flame Wave               Conj/Fire      39%        2d9       3%          4
 Gell's Gravitas          Tloc           20%        N/A       4%          3
 Lesser Beckoning         Tloc           20%        N/A       4%          3
 Teleport Other           Tloc           20%        N/A       4%          3
 Iskenderun's Battlesphe  Conj           49%        2d10      4%          5
 Call Canine Familiar     Summ           19%        N/A       5%          3
 Irradiate                Conj/Tmut      17%        3d19      14%         5
 Petrify                  Tmut/Erth      20%        N/A       16%         4
 Yara's Violent Unravell  Hex/Tmut       16%        3d8       16%         5
 Animate Dead             Necr           9%         N/A       17%         4
 Agony                    Necr           19%        N/A       43%         5
 Alistair's Intoxication  Tmut/Pois      12%        N/A       43%         5
 Excruciating Wounds      Necr           9%         N/A       43%         5
 Storm Form               Tmut/Air       22%        N/A       86%         7
 Maxwell's Capacitive Co  Air            31%        ∞         86%         8
 Haunt                    Necr/Summ      9%         N/A       100%        7
 Summon Hydra             Summ           9%         N/A       100%        7
 Discord                  Hex            22%        N/A       100%        8
 Infestation              Necr           9%         N/A       100%        8


Dungeon Overview and Level Annotations

Branches:
Dungeon (14/15)            Temple (0/1) D:4            Lair (6/6) D:10
 Shoals (3/4) Lair:4       Spider (1/4) Lair:4        Slime (0/5) Lair:5
    Orc (2/2) D:11            Elf (0/3) Orc:2        Vaults (0/5) D:13

Altars:
Ashenzari
Gozag
Trog
Vehumet
Beogh
Jiyva

Shops:
D:5 :   D:13 [   D:14 (   Orc:1 *   Orc:2 (*[:   Shoals:1 (

Annotations:
D:4 1 runed translucent door, testman's ghost, weakling DsNe
D:14 2 runed translucent doors, Yriola's ghost, journeyman DjFE
Lair:1 1 runed translucent door, riojii's ghost, novice DDFi
Lair:2 3 runed translucent doors, Esekla's ghost, journeyman OpCA
Spider:1 Donald
Orc:2 gimp's ghost, journeyman HOFi


Innate Abilities, Weirdness & Mutations

You are very nimble when in or above water. (Stealth+, EV+, Speed+++)
Your lower body shifts to a powerful aquatic tail in water.
You have a pair of small horns on your head.
You are partially covered in iridescent scales. (AC +2)
You have a somewhat thin skeletal structure. (Dex +2, Stealth+)
Your mind is acute. (Int +2)


Message History

The merfolk is moving more slowly.
The merfolk hits you but does no damage.
The merfolk impaler hits you with a +0 trident.
* * * LOW HITPOINT WARNING * * *
You are engulfed in calcifying dust.
The wind drake flaps its wings at you. The air twists around and strikes you!
* * * LOW HITPOINT WARNING * * *
The merfolk is engulfed in calcifying dust. x2
The merfolk impaler barely misses you.
The merfolk javelineer throws a javelin.
The javelin pierces through you!
* * * LOW HITPOINT WARNING * * *
The merfolk is engulfed in calcifying dust.
The wind drake bites you.
* * * LOW HITPOINT WARNING * * *
The merfolk is engulfed in calcifying dust. x2
The merfolk stops moving altogether!
You are engulfed in calcifying dust.
The merfolk impaler hits you but does no damage.
The merfolk is engulfed in calcifying dust. x3
The wind drake bites you but does no damage.
The merfolk javelineer hits you but does no damage.
The merfolk impaler hits you with a +0 trident!
* * * LOW HITPOINT WARNING * * *
You are engulfed in calcifying dust.
The merfolk is no longer petrified.
The merfolk is engulfed in calcifying dust.
The merfolk is moving more slowly.
The merfolk hits you from afar with a +0 trident!
* * * LOW HITPOINT WARNING * * *
The merfolk is engulfed in calcifying dust.
The merfolk impaler hits you with a +0 trident!
* * * LOW HITPOINT WARNING * * *
The wind drake bites you.
The merfolk is engulfed in calcifying dust.
The merfolk javelineer throws a javelin.
The javelin pierces through you!
* * * LOW HITPOINT WARNING * * *
The merfolk aquamancer hits you with a +4 rapier of venom!
You die...

≈ ≈ ≈≈ ≈≈≈≈≈≈≈≈≈≈≈≈≈≈ ≈
≈≈ ≈≈ ≈≈≈
≈≈≈≈≈≈≈≈≈≈≈≈≈≈≈≈ ≈≈ ≈ ≈
≈≈ ≈≈
≈≈≈≈≈≈≈≈≈≈≈≈≈≈≈≈≈≈≈≈ ≈≈
≈≈ ≈≈≈≈≈≈≈≈≈≈≈≈≈≈≈≈≈≈≈≈
≈ ≈≈≈≈≈≈≈≈≈≈≈≈≈≈..≈≈ ≈≈
≈≈ ≈ P≈≈≈≈≈≈≈≈≈≈≈≈≈).) ≈
≈≈≈,PP≈≈≈≈≈≈≈≈≈≈..≈.). ≈
,, ≈P≈≈≈≈≈≈m≈≈...[..,,,,
≈ PP≈≈≈≈≈m@k≈≈≈..## ,,,
≈ ≈ * *
.PP≈≈≈≈≈m≈≈≈≈(.##,, ,
,≈≈ *
*,..≈≈≈≈≈mYmm.>.###...,,
,, ≈
,≈.≈≈≈≈≈mYm.))≈≈......
,≈
≈≈≈≈≈≈≈≈≈Y§<.(.$....#**
≈ ≈
≈≈≈≈≈≈≈Y≈≈§≈...)....#* ≈
≈≈≈≈≈≈≈≈≈≈≈≈≈......... *
≈ ≈ ≈
≈≈≈≈≈≈≈≈≈≈≈≈.Y..≈≈≈≈≈≈.
* ≈≈
≈≈≈≈≈≈!≈§.....≈..≈≈≈.*


You could see a merfolk impaler, 3 death yaks, a catoblepas, a merfolk
javelineer, a merfolk aquamancer, a wind drake (repels missiles) and 5 merfolk.

Vanquished Creatures
  Gastronok (Lair:3)
  Polyphemus (Shoals:2)
  An orc warlord (Orc:2)
  Nessos (D:12)
  5 merfolk impalers
  Josephine (D:12)
  A merfolk javelineer (Shoals:1)
  A fire dragon (D:13)
  4 boulder beetles
  A vault guard (D:13)
  2 catoblepae (Lair:6)
  6 hydras
  3 centaur warriors
  6 two-headed ogres
  Erica (Orc:1)
  2 satyrs
  4 death yaks (Lair:6)
  A deep troll shaman (Lair:6)
  An orc high priest (Orc:2)
  Sonja (Lair:5)
  Nergalle (Orc:2)
  8 sea snakes
  A glowing orange brain (shapeshifter) (D:14)
  4 necromancers
  A lindwurm (Lair:6)
  9 harpies
  4 deep elf pyromancers
  2 ugly things
  3 wolf spiders
  2 cyclopes
  3 orc knights (Orc:2)
  2 orc sorcerers (Orc:2)
  9 fauns
  7 manticores
  17 elephants
  Joseph (D:10)
  A water nymph (Shoals:2)
  5 merfolk sirens
  15 cane toads
  5 black mambas
  A torpor snail (Lair:6)
  An efreet (D:13)
  5 kobold demonologists
  14 komodo dragons
  2 unseen horrors
  3 meliai (D:14)
  A polar bear (Lair:6)
  8 trolls
  2 wind drakes (Shoals:1)
  16 merfolk
  15 dream sheep
  3 slime creatures (D:14)
  A tarantella (Lair:4)
  10 blink frogs
  5 snapping turtles
  3 culicivoras (Spider:1)
  4 jumping spiders
  4 wraiths
  4 wyverns
  A shadow (D:11)
  3 water elementals (Shoals:2)
  4 basilisks
  58 yaks
  20 humans (D:13)
  2 steam dragons
  5 redbacks
  6 vampire mosquitoes
  3 acid dragons
  12 water moccasins
  29 orc warriors
  2 ice beasts
  5 black bears
  6 ogres
  7 centaurs
  34 wolves
  A phantom (D:3)
  3 kobold brigands
  Blork the orc (D:4)
  14 bullfrogs
  3 scorpions
  5 howler monkeys
  3 electric eels (D:11)
  4 hounds
  20 orc priests
  A gnoll shaman (D:9)
  3 jellies (D:6)
  4 iguanas
  18 orc wizards
  4 polar bear simulacra (Lair:2)
  3 yak simulacra (Lair:2)
  A wolf simulacrum (Lair:2)
  3 gnolls (D:9)
  6 adders
  A shadow imp (D:8)
  A white imp (D:6)
  An ufetubus (D:4)
  A worm (D:3)
  2 dart slugs
  81 orcs
  8 ball pythons
  7 endoplasms
  3 giant cockroaches
  7 goblins
  3 hobgoblins
  10 jackals
  20 kobolds
  6 quokkas
  7 bats
  5 rats
  3 river rat simulacra (Lair:2)
706 creatures vanquished.

Vanquished Creatures (collateral kills)
  Saint Roka (Orc:2)
  Aizul (Shoals:2)
  2 death yaks (Lair:6)
  2 orc sorcerers (Orc:2)
  A black mamba (Lair:6)
  A komodo dragon (Lair:6)
  A rime drake (Lair:6)
  A polar bear (Lair:6)
  2 blink frogs (Lair:6)
  3 dream sheep (Lair:6)
  A vampire (D:11)
  3 orc warriors (Orc:2)
  A black bear (Lair:6)
  5 wolves (Lair:6)
  An orc priest (Orc:2)
  An orc wizard (Orc:2)
  A kobold (D:6)
28 creatures vanquished.

Vanquished Creatures (others)
  A kobold brigand (D:6)
  2 orcs (Orc:2)
  3 ball lightnings (Shoals:3)
  A bush (Lair:6)
  48 fungi
  78 plants
133 creatures vanquished.

Grand Total: 867 creatures vanquished

Notes
Turn   | Place    | Note
-------+----------+-------------------------------------------
     0 | D:1      | enile the Merfolk Ice Elementalist began the quest for the
                  | Orb.
     0 | D:1      | Reached XP level 1. HP: 13/13 MP: 3/3
    79 | D:1      | Reached skill level 1 in Fighting
   155 | D:1      | Reached XP level 2. HP: 17/22 MP: 3/5
   250 | D:1      | Reached skill level 2 in Fighting
   614 | D:1      | Reached XP level 3. HP: 22/27 MP: 2/6
  1182 | D:1      | Learned a level 3 spell: Frozen Ramparts
  1708 | D:2      | Reached XP level 4. HP: 30/33 MP: 5/8
  1746 | D:2      | Found a faded altar of an unknown god.
  1756 | D:2      | Prayed at the altar of an unknown god.
  1756 | D:2      | Became a worshipper of Ashenzari the Shackled
  1927 | D:3      | Reached skill level 5 in Ice Magic
  1989 | D:3      | Noticed a phantom
  2233 | D:3      | Identified the ring "Zilog" {rCorr Slay+3}
  2262 | D:3      | Learned a level 3 spell: Ozocubu's Armour
  2379 | D:3      | Killed a phantom
  2380 | D:3      | Reached XP level 5. HP: 28/38 MP: 4/9
  3162 | D:3      | Gained mutation: You are partially covered in iridescent
                  | scales. (AC +2) [potion of mutation]
  3162 | D:3      | Gained mutation: You sometimes lose the ability to read
                  | scrolls when taking damage. [potion of mutation]
  3248 | D:4      | Found a staircase to the Ecumenical Temple.
  3333 | D:4      | Noticed Blork the orc
  3360 | D:4      | Killed Blork the orc
  3361 | D:4      | Reached skill level 5 in Dodging
  3361 | D:4      | Reached XP level 6. HP: 3/46 MP: 3/11
  3869 | D:4      | Reached skill level 3 in Fighting
  3931 | D:4      | Learned a level 3 spell: Mephitic Cloud
  4070 | D:4      | Found a runed translucent door.
  4073 | D:4      | Noticed testman's ghost (weakling DsNe)
  4766 | D:5      | Entered Level 5 of the Dungeon
  4766 | D:5      | Noticed a black bear
  4766 | D:5      | Found Dyttic's Book Boutique.
  4998 | D:5      | Noticed a black bear
  5173 | D:5      | Killed a black bear
  5174 | D:5      | Reached skill level 4 in Fighting
  5174 | D:5      | Reached XP level 7. HP: 50/56 MP: 2/12
  5592 | D:5      | Reached skill level 5 in Fighting
  5964 | D:6      | Noticed a wyvern
  6000 | D:6      | Reached XP level 8. HP: 55/65 MP: 9/13
  6067 | D:6      | Reached skill level 6 in Fighting
  6145 | D:6      | HP: 2/67 [wyvern (9)]
  6152 | D:6      | Killed a wyvern
  6695 | D:6      | Reached * piety under Ashenzari
  6705 | D:6      | Reached skill level 1 in Conjurations
  6710 | D:6      | Learned a level 4 spell: Hailstorm
  6929 | D:7      | Reached skill level 5 in Spellcasting
  6929 | D:7      | Reached XP level 9. HP: 67/72 MP: 1/18
  7138 | D:7      | Reached skill level 7 in Fighting
  7218 | D:7      | Found a bloodstained altar of Trog.
  7292 | D:7      | Reached skill level 1 in Evocations
  8766 | D:7      | Reached skill level 5 in Evocations
  9125 | D:8      | Reached skill level 8 in Fighting
  9206 | D:8      | Reached ** piety under Ashenzari
  9503 | D:9      | Found an opulent altar of Gozag.
  9505 | D:9      | Noticed a cyclops
  9554 | D:9      | Reached XP level 10. HP: 86/86 MP: 20/22
  9687 | D:9      | Noticed a deep elf pyromancer
  9706 | D:9      | Killed a deep elf pyromancer
  9707 | D:9      | Reached skill level 9 in Fighting
  9833 | D:9      | Reached skill level 10 in Fighting
 10138 | D:9      | Killed a cyclops
 10262 | D:10     | Entered Level 10 of the Dungeon
 10332 | D:10     | Noticed a manticore
 10342 | D:10     | Killed a manticore
 10560 | D:10     | Noticed Joseph
 10574 | D:10     | Killed Joseph
 10955 | D:10     | Reached skill level 11 in Fighting
 11028 | D:10     | Found a staircase to the Lair.
 11097 | Lair:1   | Entered Level 1 of the Lair of Beasts
 11191 | Lair:1   | Reached skill level 5 in Polearms
 11227 | Lair:1   | Found a runed translucent door.
 11237 | Lair:1   | Noticed riojii's ghost (novice DDFi)
 11343 | Lair:1   | Noticed a cane toad
 11355 | Lair:1   | Killed a cane toad
 11356 | Lair:1   | Reached XP level 11. HP: 91/98 MP: 19/24
 12222 | Lair:2   | Learned a level 4 spell: Airstrike
 12384 | Lair:2   | Noticed a necromancer
 12455 | Lair:3   | Reached skill level 5 in Stealth
 12681 | Lair:3   | Noticed a four-headed hydra
 12935 | D:5      | Bought a book of Winter for 408 gold pieces
 12941 | D:5      | Learned a level 5 spell: Metabolic Englaciation
 13145 | Lair:2   | Reached skill level 10 in Dodging
 13357 | Lair:2   | Reached skill level 1 in Hexes
 13556 | Lair:2   | Found a runed translucent gate.
 13556 | Lair:2   | Found a runed translucent gate.
 13556 | Lair:2   | Found a runed translucent gate.
 13556 | Lair:2   | Noticed a five-headed hydra
 13690 | Lair:2   | Noticed Esekla's ghost (journeyman OpCA)
 13690 | Lair:2   | Noticed a minotaur
 13707 | Lair:2   | Killed a necromancer
 13829 | Lair:2   | Reached skill level 1 in Air Magic
 13947 | Lair:2   | Noticed a four-headed hydra
 14458 | Lair:3   | Noticed a five-headed hydra
 14674 | Lair:4   | Noticed a five-headed hydra
 14730 | Lair:2   | Reached XP level 12. HP: 20/100 MP: 11/23
 14741 | Lair:2   | Identified the cursed +1 cloak of Desmomancy {rCorr, Self,
                  | Range} (You found it on level 2 of the Dungeon)
 14741 | Lair:2   | Identified the cursed +1 hat of Desmomancy {Self, Elem}
                  | (You found it on level 1 of the Dungeon)
 14741 | Lair:2   | Identified the cursed +2 leather armour "Repose of
                  | Ashenzari" {rPois, Cun, Self} (You found it on level 10 of
                  | the Dungeon)
 14920 | Lair:3   | Killed a four-headed hydra
 15415 | Lair:3   | Noticed Gastronok
 15435 | Lair:3   | Killed Gastronok
 15773 | Lair:3   | Killed an eight-headed hydra
 16274 | Lair:3   | Reached *** piety under Ashenzari
 16355 | Lair:4   | Found a staircase to the Shoals.
 17182 | Lair:4   | Reached XP level 13. HP: 111/116 MP: 4/30
 17666 | Lair:4   | Reached skill level 12 in Fighting
 18114 | Lair:4   | Found a hole to the Spider Nest.
 18912 | Lair:5   | Reached skill level 13 in Fighting
 19068 | Lair:5   | Found a viscous altar of Jiyva.
 19068 | Lair:5   | Found a staircase to the Slime Pits.
 19461 | Lair:5   | Lost mutation: You are partially covered in iridescent
                  | scales. (AC +2) [potion of mutation]
 19461 | Lair:5   | Lost mutation: You sometimes lose the ability to read
                  | scrolls when taking damage. [potion of mutation]
 19461 | Lair:5   | Gained mutation: You are frail. (-10% HP) [potion of
                  | mutation]
 19461 | Lair:5   | Gained mutation: You are partially covered in iridescent
                  | scales. (AC +2) [potion of mutation]
 19461 | Lair:5   | Gained mutation: You possess an exceptional clarity of
                  | mind. [potion of mutation]
 19865 | Lair:5   | Noticed Sonja
 19873 | Lair:5   | Killed Sonja
 20471 | Lair:6   | Entered Level 6 of the Lair of Beasts
 20502 | Lair:6   | Reached XP level 14. HP: 99/111 MP: 4/30
 21277 | Lair:6   | Reached skill level 10 in Spellcasting
 21781 | Lair:6   | Learned a level 6 spell: Simulacrum
 22496 | Lair:6   | Reached skill level 10 in Polearms
 23467 | Lair:6   | Reached skill level 1 in Shields
 23523 | Lair:6   | Identified the Tome of Harmful Transformation
 24404 | Lair:5   | Lost mutation: You possess an exceptional clarity of mind.
                  | [potion of mutation]
 24404 | Lair:5   | Lost mutation: You are frail. (-10% HP) [potion of
                  | mutation]
 24404 | Lair:5   | Gained mutation: You have hidden genetic potential. [potion
                  | of mutation]
 24404 | Lair:5   | Gained mutation: You have a somewhat thin skeletal
                  | structure. (Dex +2, Stealth+) [potion of mutation]
 25089 | D:11     | Identified the +5 flail of Alaleupt {flame, *Noise rPois
                  | Will- Int+5}
 25391 | D:11     | Found a radiant altar of Vehumet.
 25861 | D:11     | Found a staircase to the Orcish Mines.
 26110 | D:12     | Noticed Josephine
 26256 | D:12     | Killed Josephine
 26630 | Orc:1    | Entered Level 1 of the Orcish Mines
 26744 | Orc:1    | Found Viafots's General Store.
 26779 | Orc:2    | Entered Level 2 of the Orcish Mines
 27594 | Orc:2    | Noticed Saint Roka
 27607 | Orc:2    | Reached skill level 14 in Fighting
 27752 | Orc:1    | Reached XP level 15. HP: 82/129 MP: 33/33
 28544 | D:12     | Identified a scroll of acquirement
 28697 | D:12     | Acquired a +1 demon trident of electrocution
 28705 | D:12     | Reached **** piety under Ashenzari
 28926 | D:12     | Noticed Nessos
 28942 | D:12     | Killed Nessos
 29847 | Orc:2    | Killed Saint Roka
 29848 | Orc:2    | Reached skill level 5 in Shields
 29904 | Orc:2    | Paralysed by an orc sorcerer for 6 turns
 29919 | Orc:2    | Found Mouvoel's Book Shop.
 29919 | Orc:2    | Noticed an orc warlord
 29919 | Orc:2    | Noticed Nergalle
 29934 | Orc:2    | Found Azoes's Antique Armour Shop.
 29969 | Orc:1    | Noticed Erica
 30030 | Orc:1    | Killed Erica
 30839 | Orc:2    | Killed Nergalle
 31009 | Orc:2    | Killed an orc warlord
 31240 | Orc:2    | Found Xot Yru's Antique Weapon Shop.
 31508 | Orc:2    | Bought a runed hat for 161 gold pieces
 31508 | Orc:2    | Bought a runed robe for 85 gold pieces
 31508 | Orc:2    | Bought a pair of translucent gloves for 218 gold pieces
 31508 | Orc:2    | Identified the +1 pair of gloves of Absolutism {rC+ Str+4}
                  | (You bought it in a shop on level 2 of the Orcish Mines)
 31538 | Orc:2    | Found a transporter.
 31541 | Orc:2    | Found a transporter.
 31543 | Orc:2    | Noticed gimp's ghost (journeyman HOFi)
 31553 | Orc:2    | Found Zuhirot's General Store.
 31572 | Orc:2    | Bought a potion of mutation for 112 gold pieces
 31572 | Orc:2    | Bought a potion of heal wounds for 70 gold pieces
 31634 | Orc:2    | Found a staircase to the Elven Halls.
 31658 | Orc:2    | Identified the +6 great mace of False Accusations {holy,
                  | rElec rF- rCorr Dex+5}
 31761 | Orc:2    | Reached skill level 15 in Fighting
 31994 | Spider:1 | Entered Level 1 of the Spider Nest
 32008 | Lair:4   | Gained mutation: You have a pair of small horns on your
                  | head. [hidden potential]
 32147 | Spider:1 | Noticed Donald
 32251 | Lair:4   | HP: 2/141 [wolf spider (8)]
 32946 | D:13     | Reached skill level 16 in Fighting
 33055 | D:13     | Found Rochuike's Superior Scales.
 34005 | D:13     | Found a gate to the Vaults.
 34170 | D:14     | Found a runed translucent door.
 34176 | D:14     | Found a runed translucent door.
 34246 | D:14     | Reached skill level 17 in Fighting
 34246 | D:14     | Reached XP level 16. HP: 131/152 MP: 32/35
 34310 | D:14     | Learned a level 3 spell: Inner Flame
 35000 | D:14     | Found Fyawaiha's Antique Weapon Emporium.
 35168 | D:14     | Noticed Yriola's ghost (journeyman DjFE)
 35244 | D:14     | Noticed a lich
 35526 | Shoals:1 | Entered Level 1 of the Shoals
 35555 | Shoals:1 | Found Omaps's Antique Weapon Shop.
 35853 | Shoals:1 | Reached skill level 5 in Air Magic
 37055 | Shoals:1 | Gained mutation: Your mind is acute. (Int +2) [hidden
                  | potential]
 37055 | Shoals:1 | Lost mutation: You have hidden genetic potential. [hidden
                  | potential expressed]
 37450 | Shoals:2 | Noticed Aizul
 37465 | Shoals:2 | Killed Aizul
 37466 | Shoals:2 | Reached skill level 1 in Fire Magic
 38421 | Shoals:2 | Learned a level 6 spell: Conjure Ball Lightning
 38539 | Shoals:3 | Noticed Polyphemus
 38643 | Shoals:2 | Killed Polyphemus
 38778 | Shoals:3 | HP: 6/154 [merfolk impaler/+0 trident (3)]
 38778 | Shoals:3 | HP: 1/154 [merfolk javelineer/javelin (5)]
 38778 | Shoals:3 | Slain by a merfolk aquamancer

Illustrated notes

Levels and vault maps discovered:
D:1:      minmay_arrival_split_and_join, layout_basic
D:2:      layout_rooms, shapermc_ecumenical_altar_starsandcircs,
          columned_hall_lemuel, minivault_19,
          hangedman_abyss_or_decor_lesser_grid
D:3:      layout_loops_ring, grunt_ministairs_11, minmay_misc_feat_diagonals,
          corner_web_ring, chequers_serial_rivers_large_b
D:4:      layout_basic, minmay_temple_entry_trees,
          ebering_ghost_reflecting_pool, st_stairs_6, uniq_blork_the_orc
D:5:      layout_rooms, serial_shops, shop
D:6:      layout_basic, chequers_mini_garden
D:7:      layout_loops_ring, mainiacjoe_overflow_catwalk
D:8:      kennysheep_six_static_rooms, layout_rooms
D:9:      layout_rooms, nicolae_gozag_cash_rules_everything_around_me
D:10:     layout_loops_ring, grunt_lair_entry_orc_guard_hut, uniq_joseph
D:11:     layout_basic, hiddenorc1_lemuel, minmay_misc_feat_alley,
          nicolae_vehumet_radiance
D:12:     layout_stronghold, uniq_josephine, uniq_nessos
D:13:     layout_rooms, grunt_vaults_entry_tiered, hellmonk_scale_shop
D:14:     layout_irregular_city, serial_shops, shop_statue,
          muffindrake_ghost_dual_entry
Lair:1:   layout_cave_shapes, ebering_ghost_inner_flame, lemuel_fruit_tree,
          lemuel_fruit_fields, infiniplex_staircase_pool
Lair:2:   layout_concentric_octagons, maelrawn_ghost_gauntlet_escape,
          eino_house_with_fridge, grunt_megastairs_5
Lair:3:   layout_chaotic_city, uniq_gastronok
Lair:4:   layout_layer_cave, minmay_shoals_entry_lonely_mermaid,
          spider_nest_entry_funnel_web, grunt_forest_large_clearings
Lair:5:   layout_cave_pods, dpeg_slime_entry_enclosed_altar,
          amcnicky_mini_pool_medium, grunt_megastairs_2, uniq_sonja
Lair:6:   grunt_lair_end_beastmaster, layout_gridlike,
          hangedman_lair_generics_rect
Shoals:1: layout_shoals, serial_shops, nicolae_shop_hallway_plus
Shoals:2: layout_shoals, uniq_aizul
Shoals:3: layout_shoals, serial_shops, shop, uniq_polyphemus
Spider:1: layout_spider_delve, uniq_donald
Orc:1:    layout_caves, serial_shops, shop, uniq_harold, uniq_erica
Orc:2:    grunt_orc_cross, layout_caves, basic_altar, gammafunk_ghost_smash,
          uniq_saint_roka

Skill      XL: |  1  2  3  4  5  6  7  8  9 10 11 12 13 14 15 16 |
---------------+-------------------------------------------------+-----
Fighting       | 1 2 4 5 6 8 11 13 14 17 | 17.7
Spellcasting   | 3 5 6 7 9 10 | 10.8
Ice Magic      | 6 7 8 |  8.5
Dodging        | 3 5 7 10 11 12 13 | 13.1
Stealth        | 4 5 7 |  7.3
Conjurations   | 1 2 4 |  4.1
Evocations     | 5 6 8 9 |  9.4
Polearms       | 5 7 9 10 12 | 12.1
Hexes          | 3 |  3.5
Air Magic      | 2 3 4 8 |  8.0
Shields        | 4 6 |  6.0
Fire Magic     | 1 |  1.0

Action                   |  1- 3 |  4- 6 |  7- 9 | 10-12 | 13-15 | 16-18 || total
-------------------------+-------+-------+-------+-------+-------+-------++-------
Melee: Unarmed           |     6 |       |       |       |       |       ||     6
       Short sword       |     2 |    50 |       |       |       |       ||    52
       Dagger            |       |     6 |       |       |       |       ||     6
       Mace              |       |    59 |   152 |    21 |       |       ||   232
       Punch             |       |       |     3 |     1 |       |       ||     4
       Glaive            |       |       |       |   379 |   706 |       ||  1085
       Tailslap          |       |       |       |       |     7 |     6 ||    13
       Demon trident     |       |       |       |       |   417 |   249 ||   666
       Headbutt          |       |       |       |       |    25 |    40 ||    65
Throw: Dart              |       |       |     4 |    22 |    25 |       ||    51
 Cast: Freeze            |    60 |    30 |    35 |    44 |     8 |       ||   177
       Frozen Ramparts   |       |    11 |    20 |    18 |    20 |       ||    69
       Ozocubu's Armour  |       |     5 |    12 |    11 |    19 |       ||    47
       Mephitic Cloud    |       |     3 |    10 |    22 |    65 |     3 ||   103
       Hailstorm         |       |       |    19 |    15 |    11 |     4 ||    49
       Airstrike         |       |       |       |    86 |   279 |   108 ||   473
       Metabolic Englaci |       |       |       |     5 |    48 |     5 ||    58
       Simulacrum        |       |       |       |       |     1 |       ||     1
       Inner Flame       |       |       |       |       |       |    15 ||    15
       Conjure Ball Ligh |       |       |       |       |       |     1 ||     1
Invok: Curse Item        |       |     1 |     2 |     2 |     2 |       ||     7
       Shatter the Chain |       |       |       |       |     1 |       ||     1
Evoke: Wand              |       |       |       |     2 |    16 |       ||    18
       Box of beasts     |       |       |       |       |     4 |     1 ||     5
  Use: Potion            |     1 |     4 |     1 |     2 |     5 |       ||    13
       Scroll            |       |     6 |     1 |     2 |    11 |       ||    20
 Stab: Confused          |       |     2 |     1 |    10 |    27 |       ||    40
       Sleeping          |       |     1 |     1 |     5 |    16 |     5 ||    28
       Distracted        |       |       |     2 |       |     3 |       ||     5
       Petrified         |       |       |       |       |     1 |       ||     1
       Paralysed         |       |       |       |       |     4 |       ||     4
Armor: Robe              |     8 |    33 |    73 |    28 |       |       ||   142
       Skin              |       |    14 |       |    42 |       |       ||    56
       Leather armour    |       |       |       |   131 |   348 |    34 ||   513
Dodge: Dodged            |    43 |   108 |   233 |   570 |  1209 |   177 ||  2340
Block: Buckler           |       |       |       |       |   103 |   102 ||   205
       Reflection        |       |       |       |       |       |    28 ||    28

Table legend: (Time is in decaauts)
 A = Elapsed time spent in this place.
 B = Non-inter-level travel time spent in this place.
 C = Inter-level travel time spent in this place.
 D = Time resting spent in this place.
 E = Time spent auto-exploring this place.
 F = Levels seen in this place.
 G = Mean time per level.
                   A        B        C        D        E       F      G
               +--------+--------+--------+--------+--------+-----+--------+
         Total |  38670 |  36526 |   2144 |   5483 |  23998 |  26 | 1487.3 |
       Dungeon |  17917 |  16541 |   1376 |   1506 |  12067 |  14 | 1279.8 |
          Lair |  13961 |  13329 |    632 |   1439 |   9181 |   6 | 2326.8 |
        Shoals |   2845 |   2797 |     48 |    580 |   1722 |   3 |  948.3 |
   Spider Nest |    112 |    112 |      0 |     23 |     21 |   1 |  112.0 |
  Orcish Mines |   3833 |   3747 |     86 |   1935 |   1006 |   2 | 1916.5 |
               +--------+--------+--------+--------+--------+-----+--------+

Top non-repeatable levels by time:
  Lair:6: 3484 daAuts
  Lair:4: 3161 daAuts
   Orc:1: 2482 daAuts
  Lair:3: 2141 daAuts
  Lair:5: 2083 daAuts
    D:11: 2029 daAuts
  Lair:2: 1938 daAuts
     D:4: 1806 daAuts
     D:7: 1759 daAuts
    D:12: 1656 daAuts
Shoals:1: 1488 daAuts
   Orc:2: 1351 daAuts
Shoals:2: 1298 daAuts
     D:6: 1291 daAuts
     D:3: 1280 daAuts
